 Dungeon Crawl Stone Soup version 0.27.1-33-g824d729ab1 (webtiles) character file.

Game seed: 3895124832641068525

313 zeram the Shield-Bearer (level 6, 0/37 HPs)
             Began as a Gargoyle Fighter on Dec 28, 2021.
             Frozen to death by an endoplasm (5 damage)
             ... on level 3 of the Dungeon.
             The game lasted 00:05:59 (3718 turns).

zeram the Shield-Bearer (Gargoyle Fighter)          Turns: 3718, Time: 00:05:59

Health: 0/37       AC: 14    Str: 21    XL:     6   Next: 43%
Magic:  6/6        EV:  8    Int:  9    God:
Gold:   94         SH: 10    Dex:  9    Spells: 5/5 levels left

rFire    . . .     SeeInvis .   a - +0 flail
rCold    . . .     Faith    .   c - +0 kite shield
rNeg     + . .     Spirit   .   b - +0 scale mail
rPois    ∞         Reflect  .   (no helmet)
rElec    +         Harm     .   n - +0 cloak
rCorr    .         Rampage  .   e - +0 pair of gloves
Will     .....                  (no boots)
Stlth    ..........             (no amulet)
HPRegen  0.12/turn              k - ring of flight
MPRegen  0.10/turn              (no ring)

@: flying
A: sickness immunity, AC +4, negative energy resistance 1, electricity
resistance, torment resistance 1, petrification resistance
a: no special abilities


You were on level 3 of the Dungeon.
You visited 1 branch of the dungeon, and saw 4 of its levels.

You collected 94 gold pieces.

Inventory:

Hand Weapons
 a - a +0 flail (weapon)
Missiles
 h - 25 poisoned darts (quivered)
Armour
 b - a +0 scale mail (worn)
 c - a +0 kite shield (worn)
 e - a +0 pair of gloves (worn)
 l - a +0 buckler
 n - a +0 cloak (worn)
Jewellery
 k - a ring of flight (left hand)
Potions
 d - a potion of might
 f - 2 potions of haste
 g - a potion of heal wounds
 i - a potion of curing {unknown}
 j - a potion of degeneration {unknown}
 m - a potion of mutation {unknown}
 o - a potion of magic {unknown}
 p - 2 potions of lignification {unknown}
 q - a potion of flight {unknown}


   Skills:
 - Level 3.2 Fighting
 - Level 2.0 Maces & Flails
 + Level 5.4 Armour
 + Level 1.5 Dodging
 + Level 5.8 Shields


You had 5 spell levels left.
You didn't know any spells.
Your spell library contained the following spells:

 Spells                   Type           Power      Damage    Failure   Level
 Blink                    Tloc           N/A        N/A       99%         2
 Manifold Assault         Tloc           0%         N/A       100%        5
 Storm Form               Tmut/Air       0%         N/A       100%        7


Dungeon Overview and Level Annotations

Branches:
Dungeon (4/15)
 Temple: D:4-7

Altars:


Innate Abilities, Weirdness & Mutations

You are immune to sickness and miasma.
Your stone body is resilient. (AC +4)
You are immune to poison.
You resist negative energy. (rN+)
You are resistant to electric shocks. (rElec)
You are resistant to unholy torment.
You are immune to petrification.


Message History

There is a stone staircase leading down here.
You fly downwards.
Found a scroll of teleportation and 9 gold pieces.
There is a stone staircase leading up here.
There are monsters nearby!
There are monsters nearby!
There are monsters nearby!
Unknown command.
You barely miss the endoplasm. The endoplasm freezes you.
You are frozen.
You completely miss the endoplasm. The endoplasm barely misses you.
You block the endoplasm's attack.
You closely miss the hornet zombie.
The hornet zombie hits you but does no damage.
The endoplasm freezes you.
You are frozen.
The hornet zombie barely misses you.
You hit the hornet zombie but do no damage.
You block the endoplasm's attack. The hornet zombie hits you.
You hit the hornet zombie.
The hornet zombie is lightly damaged.
The hornet zombie hits you but does no damage.
The endoplasm freezes you.
You are frozen.
The hornet zombie barely misses you. The endoplasm freezes you.
You are frozen.
The hornet zombie hits you!
* * * LOW HITPOINT WARNING * * *
The endoplasm hits you but does no damage.
The hornet zombie hits you.
* * * LOW HITPOINT WARNING * * *
You fly upwards.
There is a stone staircase leading down here.
You barely miss the endoplasm. You block the endoplasm's attack.
Unknown command.
You hit the endoplasm.
The endoplasm is moderately wounded.
The endoplasm freezes you.
You are frozen.
You die...

###########.#.#...#
#.###.#
#........#..#.##
#.#<...
#.#########.#.#
#.#...# #.# #...#
#.#.### #.# ##..#
#.#.... #.# #..#
#.##### #.# #..#
#......
#.##########J.#
#######
#............@#
###.############
###...# #..##.#
.####.# ## #.# #.#
## #.# .####.#


You could see an endoplasm.

Vanquished Creatures
  Sigmund (D:2)
  Crazy Yiuf (D:3)
  Jessica (D:2)
  3 adders
  3 worms
  A dart slug (D:3)
  An orc (D:2)
  3 bats
  13 endoplasms
  2 giant cockroaches
  3 goblins
  5 hobgoblins
  3 jackals (D:3)
  2 quokkas
  5 ball pythons
  5 frilled lizards
  6 kobolds
  4 rats
62 creatures vanquished.

Vanquished Creatures (others)
  A fungus (D:3)
1 creature vanquished.

Grand Total: 63 creatures vanquished

Notes
Turn   | Place    | Note
-------+----------+-------------------------------------------
     0 | D:1      | zeram the Gargoyle Fighter began the quest for the Orb.
     0 | D:1      | Reached XP level 1. HP: 14/14 MP: 1/1
   265 | D:1      | Reached XP level 2. HP: 18/19 MP: 2/2
  1063 | D:2      | Reached XP level 3. HP: 20/23 MP: 3/3
  1114 | D:2      | Noticed Sigmund
  1171 | D:1      | HP: 1/23 [adder (1)]
  1547 | D:2      | Killed Sigmund
  1548 | D:2      | Reached skill level 5 in Armour
  1548 | D:2      | Reached skill level 1 in Dodging
  1548 | D:2      | Reached skill level 5 in Shields
  1548 | D:2      | Reached XP level 4. HP: 28/28 MP: 4/4
  1548 | D:2      | Reached XP level 5. HP: 32/32 MP: 5/5
  1643 | D:2      | Noticed Jessica
  1667 | D:2      | Killed Jessica
  1668 | D:2      | Reached XP level 6. HP: 23/37 MP: 6/6
  1897 | D:2      | Found a faded altar of an unknown god.
  3035 | D:3      | Found a runed translucent door.
  3036 | D:3      | Noticed Crazy Yiuf
  3596 | D:3      | Killed Crazy Yiuf
  3718 | D:3      | Frozen to death by an endoplasm

Illustrated notes

Levels and vault maps discovered:
D:1:      dpeg_arrival_radiant, layout_loops_cross
D:2:      layout_basic, shapermc_ecumenical_altar_venn, uniq_sigmund,
          uniq_jessica
D:3:      layout_basic, grunt_decor_clamped, st_stairs_2, minmay_box_of_dots,
          uniq_crazy_yiuf_cottage
D:4:      layout_loops_cross, lightli_minifort

Skill      XL: |  1  2  3 |
---------------+----------+-----
Armour         | 4 5 |  5.4
Shields        | 5 |  5.8
Dodging        | 1 |  1.5
Fighting       | |  3.2
Maces & Flails | |  2.0

Action                   |  1- 3 |  4- 6 || total
-------------------------+-------+-------++-------
Melee: Flail             |   113 |   142 ||   255
  Use: Scroll            |     2 |     6 ||     8
       Potion            |     2 |     2 ||     4
Armor: Scale mail        |    78 |    70 ||   148
Dodge: Dodged            |    51 |    41 ||    92
Block: Kite shield       |    88 |    73 ||   161
